 Dungeon Crawl Stone Soup version 0.30.1-11-g7821555f0a (webtiles) character file.

Game seed: 14677789372731547195

56 Ekaitz the Gusty (level 3, -2/20 HPs)
             Began as a Tengu Air Elementalist on Dec 23, 2023.
             Slain by a gnoll
             ... wielding a +0 flail
              (6 damage)
             ... on level 2 of the Dungeon.
             The game lasted 00:02:37 (1402 turns).

Ekaitz the Gusty (Tengu Air Elementalist)           Turns: 1402, Time: 00:02:39

Health: -2/20      AC:  2    Str:  8    XL:     3   Next: 97%
Magic:  1/7        EV: 12    Int: 17    God:
Gold:   31         SH:  0    Dex: 14    Spells: 3/6 levels left

rFire   . . .        d - +4 dagger (venom)
rCold   . . .        (no shield)
rNeg    . . .        a - +0 robe
rPois   .            (helmet restricted)
rElec   .            (no cloak)
rCorr   .            (no gloves)
SInv    .            (boots unavailable)
Will    .....        (no amulet)
Stlth   ++           (no ring)
HPRegen 0.23/turn    (no ring)
MPRegen 0.10/turn

%: no passive effects
@: no status effects
A: beak, talons 3
a: no special abilities


You were on level 2 of the Dungeon.
You visited 1 branch of the dungeon, and saw 2 of its levels.

You collected 31 gold pieces.

Inventory:

Hand Weapons
 d - a +4 dagger of venom (weapon)
Missiles
 j - 5 javelins
Armour
 a - a +0 robe (worn)
Magical Staves
 q - a staff of cold
Scrolls
 e - 2 scrolls of identify {unknown}
 f - a scroll of teleportation {unknown}
 g - a scroll of enchant weapon {unknown}
 m - 2 scrolls of summoning {unknown}
Potions
 b - a potion of magic
 c - 2 potions of heal wounds {unknown}
 h - a potion of might {unknown}
 i - a potion of flight {unknown}
 k - a potion of brilliance {unknown}
 l - a potion of haste {unknown}
 n - a potion of curing {unknown}
 o - 2 potions of mutation {unknown}
 p - a potion of cancellation {unknown}


   Skills:
 * Level 0.8 Fighting
 * Level 2.4 Dodging
 + Level 2.1 Stealth
 + Level 2.3 Spellcasting
 * Level 2.1 Conjurations
 * Level 5.2 Air Magic


You had 3 spell levels left.
You knew the following spells:

 Your Spells              Type           Power      Damage    Failure   Level
a - Shock                 Conj/Air       56%        1d6       4%          1
b - Static Discharge      Conj/Air       28%        2-4/arc   6%          2

Your spell library contained the following spells:

 Spells                   Type           Power      Damage    Failure   Level
 Swiftness                Air            19%        N/A       7%          3
 Sandblast                Erth           2%         2d4       19%         1
 Passwall                 Tmut/Erth      0%         N/A       28%         2
 Stone Arrow              Conj/Erth      10%        3d7       36%         3
 Airstrike                Air            9%         2d(2-18)  22%         4


Dungeon Overview and Level Annotations

Branches:
Dungeon (2/15)

Altars:
Fedhas


Innate Abilities, Weirdness & Mutations

You have a beak for a mouth.
You have claws for feet.


Message History

A gnoll comes into view. It is wielding a +0 halberd.
The zap hits the gnoll.
The gnoll is moderately wounded.
The zap hits the gnoll.
The gnoll is lightly wounded.
The gnoll shouts!
The zap hits the gnoll.
The gnoll is moderately wounded.
The zap hits the gnoll.
The gnoll is moderately wounded.
The zap misses the gnoll.
The zap hits the gnoll.
The gnoll is severely wounded.
The zap misses the gnoll. x2
The zap hits the gnoll.
The gnoll is almost dead.
The zap misses the gnoll.
The zap hits the gnoll.
The gnoll is moderately wounded.
The zap hits the gnoll.
You kill the gnoll!
The zap hits the gnoll.
The gnoll is severely wounded.
The zap misses the gnoll.
Your Conjurations skill increases to level 2!
The zap hits the gnoll.
You kill the gnoll!
The zap hits the gnoll.
The gnoll is heavily wounded.
You hit the gnoll.
The gnoll is poisoned.
You peck the gnoll.
The gnoll is severely wounded.
The gnoll hits you with a +0 halberd!
Ouch! That really hurt!
The gnoll hits you with a +0 flail.
* * * LOW HITPOINT WARNING * * *
Unknown command.
You hit the gnoll but do no damage.
The gnoll is poisoned.
You peck the gnoll, but do no damage.
The gnoll is heavily wounded.
The gnoll barely misses you. The gnoll hits you with a +0 flail.
You die...

##########
#........#
#........#
#........######
##....g.......#
#......@g...)..
#..###.#######.#
#.# #.# ## #.#
#..#####.#
#>.....#.######
##......)........
.....##.#.########
#


You could see 2 gnolls.

Vanquished Creatures
  2 gnolls (D:2)
  2 dart slugs (D:1)
  An endoplasm (D:1)
  A giant cockroach (D:1)
  4 goblins
  4 hobgoblins
  4 jackals
  A ball python (D:1)
  3 bats
  5 kobolds (D:1)
  7 rats
34 creatures vanquished.

Notes
Turn   | Place    | Note
-------+----------+-------------------------------------------
     0 | D:1      | Ekaitz the Tengu Air Elementalist began the quest for the
                  | Orb.
     0 | D:1      | Reached XP level 1. HP: 10/10 MP: 4/4
   214 | D:1      | Reached XP level 2. HP: 15/15 MP: 0/6
   217 | D:1      | Learned a level 2 spell: Static Discharge
   798 | D:1      | Reached XP level 3. HP: 20/20 MP: 5/7
   801 | D:1      | Reached skill level 5 in Air Magic
  1242 | D:2      | Found a blossoming altar of Fedhas.
  1402 | D:2      | Slain by a gnoll

Illustrated notes

Levels and vault maps discovered:
D:1:      minmay_arrival_radiant_lines, layout_basic
D:2:      layout_basic, basic_altar

Skill      XL: |  1  2  3 |
---------------+----------+-----
Air Magic      | 5 |  5.2
Conjurations   | 2 |  2.1
Fighting       | |  0.8
Dodging        | |  2.4
Stealth        | |  2.1
Spellcasting   | |  2.3

Action                     || total
---------------------------++-------
  Melee: Dagger            ||    19
         Kick              ||     2
         Peck              ||     3
   Cast: Shock             ||    41
         Static Discharge  ||     3
   Stab: Sleeping          ||     2
 Armour: Robe              ||     6
  Dodge: Dodged            ||    12
